 Dungeon Crawl Stone Soup version 0.26.1-2-gb8aa6d0cf2 (webtiles) character file.

Game seed: 12402401240665532995

5103 roke1 the Cleaver (level 10, -1/80 HPs)
             Began as a Formicid Fighter on Mar 26, 2021.
             Was an Elder of Yredelemnul.
             Slain by a death yak (19 damage)
             ... on level 8 of the Dungeon.
             The game lasted 00:18:47 (9402 turns).

roke1 the Cleaver (Formicid Fighter)                Turns: 9402, Time: 00:18:47

Health: -1/80      AC: 15    Str: 21    XL:     10   Next: 87%
Magic:  24/24      EV:  7    Int:  8    God:    Yredelemnul [****..]
Gold:   379        SH: 12    Dex: 16    Spells: 9/9 levels left

rFire    . . .     SeeInvis +   a - +1 war axe
rCold    + . .     Faith    .   c - +0 kite shield
rNeg     + . .     Spirit   .   b - +0 plate armour
rPois    .         Reflect  .   (helmet unavailable)
rElec    .         Harm     .   x - +0 cloak
rCorr    .         Rampage  .   (no gloves)
Will     +....                  v - +0 pair of boots
Stlth    ..........             m - amulet "Fafiz" {rC+ rN+ Regen+ Dex+3}
HPRegen  0.63/turn              z - +4 ring of slaying
MPRegen  0.19/turn              o - ring of magical power

@: no status effects
A: permanent stasis, dig shafts and tunnels, four strong arms, antennae 3
a: Dig, Shaft Self, Renounce Religion, Recall Undead Slaves, Injury Mirror,
Animate Dead, Drain Life


You were on level 8 of the Dungeon.
You worshipped Yredelemnul.
Yredelemnul was greatly pleased with you.
You visited 2 branches of the dungeon, and saw 10 of its levels.
You also visited: Ossuary.

You collected 379 gold pieces.

Inventory:

Hand Weapons
 a - a +1 war axe (weapon)
Armour
 b - a +0 plate armour (worn)
 c - a +0 kite shield (worn)
 v - a +0 pair of boots (worn)
 x - a +0 cloak (worn)
Jewellery
 m - the amulet "Fafiz" (around neck) {rC+ rN+ Regen+ Dex+3}
   (You acquired it on level 7 of the Dungeon)

   [amulet of regeneration]

   It affects your dexterity (+3).
   It protects you from cold.
   It protects you from negative energy.
   It increases your rate of regeneration.
 o - a ring of magical power (right hand)
 z - a +4 ring of slaying (left hand)
Wands
 n - a wand of polymorph (20)
 t - a wand of iceblast (6)
 y - a wand of paralysis (7)
Scrolls
 g - a scroll of amnesia
 j - 2 scrolls of fear
 l - 2 scrolls of magic mapping
 p - 8 scrolls of remove curse
 q - 2 scrolls of fog
 u - 2 scrolls of enchant weapon
 A - 3 scrolls of identify
 C - a scroll of vulnerability
Potions
 d - 3 potions of might
 e - 4 potions of brilliance
 f - 2 potions of resistance
 h - 4 potions of heal wounds {unknown}
 i - 4 potions of attraction {unknown}
 k - 2 potions of flight {unknown}
 r - a potion of ambrosia {unknown}
 s - a potion of cancellation {unknown}
 w - a potion of berserk rage {unknown}
 B - a potion of haste {unknown}
 D - a potion of magic {unknown}
 E - 2 potions of curing {unknown}


   Skills:
 + Level 7.8 Fighting
 * Level 9.5 Axes
 + Level 6.2 Armour
 + Level 1.6 Dodging
 - Level 9.0 Shields
 + Level 6.8 Invocations


You had 9 spell levels left.
You didn't know any spells.
Your spell library contained the following spells:

 Spells                   Type           Power        Failure   Level
 Sting                    Tmut/Pois      0%           100%        1
 Summon Small Mammal      Summ           0%           100%        1
 Call Imp                 Summ           0%           100%        2
 Poisonous Vapours        Pois/Air       0%           100%        2
 Call Canine Familiar     Summ           0%           100%        3
 Ignite Poison            Fire/Tmut/Pois 0%           100%        3
 Mephitic Cloud           Conj/Pois/Air  0%           100%        3
 Summon Guardian Golem    Hex/Summ       0%           100%        3
 Olgreb's Toxic Radiance  Pois           0%           100%        4
 Summon Ice Beast         Ice/Summ       0%           100%        4
 Summon Lightning Spire   Summ/Air       0%           100%        4


Dungeon Overview and Level Annotations

Branches:
Dungeon (9/15)             Temple (1/1) D:4         Ossuary (visited)
   Lair: D:8-11         Orc: D:9-12

Altars:
Ashenzari
Cheibriados
Dithmenos
Elyvilon
Gozag
Hepliaklqana
Kikubaaqudgha
Makhleb
Nemelex Xobeh
Okawaru
Qazlal
Ru
Sif Muna
Trog
Uskayaw
Vehumet
Wu Jian
Xom
Yredelemnul
Zin
The Shining One

Annotations:
D:8 exclusion: hobgoblin


Innate Abilities, Weirdness & Mutations

You cannot be hasted, slowed, berserked, paralysed or teleported.
You can dig through walls and to a lower floor.
Your four strong arms can wield two-handed weapons with a shield.
You have a pair of large antennae on your head. (SInv)


Message History

You slash the death yak!
The death yak is almost dead.
The death yak completely misses you.
You hit the death yak.
The death yak is almost dead.
You block the death yak's attack.
You hit the death yak but do no damage.
The death yak is almost dead.
The death yak gores you!
You completely miss the death yak.
The death yak is almost dead.
The death yak gores you!!
You are too injured to fight recklessly!
You hit the death yak.
The death yak is almost dead.
The death yak gores you!
* * * LOW HITPOINT WARNING * * *
The death yak gores you!!
You die...
Your body rises from the dead as a mindless zombie.

# ##.#####.#♣...♣#♣Z♣.♣#♣.♣ #
#....#..#.....#.♣♣♣.#♣Z♣ #
#Z##....#.....#♣.♣.♣#.♣♣ # #####
#.###...#.....#♣♣.♣♣#.♣. #
#...####.####..#.♣♣♣.#♣#.#♣#.♣.
###...Z....##...♣.♣.♣##.#[##.♣Z
##.###.#.##....♣♣♣.#.#8#.#.ZZ
######.....#.##...♣.♣.♣##.#.##.♣.
...Z...........Y@#.♣♣♣.#♣#.#♣#.♣.
.#########...##..#.....#♣♣M♣♣#.♣.
.#### #.#.>...#.....#♣.♣.♣#.♣♣
....# #.#.##..#.....#M♣♣♣.#♣.♣
###.#### #.#.....#♣...♣#♣.♣.♣#♣.♣
#....# #.####..#♣♣)♣♣ ♣♣M♣♣ ♣♣.
#....# #..# #..#♣♣.♣♣# #.# ###.
#....# ##.# #..#.....#♣♣.♣♣#.♣.
#.)..####.###.)#♣♣♣♣.#♣...♣#♣.♣


You could see a death yak.

Vanquished Creatures
  A two-headed ogre (D:8)
  Sigmund (D:2)
  Eustachio (D:4)
  A shadow (D:8)
  3 orc warriors
  A sky beast (D:8)
  A necrophage (D:8)
  2 ice beasts
  2 phantoms
  4 ogres
  4 centaurs
  5 bullfrogs
  A scorpion (D:5)
  7 killer bees
  5 wights (D:6)
  A howler monkey (D:4)
  2 bullfrog zombies
  3 hounds
  3 orc priests
  A centaur skeleton (D:7)
  3 jellies
  12 orc wizards
  A bullfrog skeleton (D:2)
  4 iguanas
  9 worker ants
  A hound zombie (D:5)
  13 mummies
  Robin (D:3)
  8 adders
  A gnoll (D:8)
  3 howler monkey skeletons
  3 river rats (D:5)
  A shadow imp (D:8)
  An ufetubus (D:7)
  3 oozes
  2 adder zombies
  An adder skeleton (D:5)
  2 worms
  3 dart slugs
  7 leopard geckos
  50 orcs
  2 ball pythons
  5 giant cockroaches
  13 goblins
  15 hobgoblins
  11 jackals
  4 quokkas
  7 bats
  4 frilled lizards
  2 gnoll skeletons (Ossuary)
  5 goblin skeletons (Ossuary)
  A goblin zombie (D:5)
  A jackal skeleton (D:7)
  A jackal zombie (D:7)
  6 kobolds
  A kobold zombie (D:5)
  An orc skeleton (Ossuary)
  A quokka skeleton (D:5)
  6 rats
  11 rat skeletons (Ossuary)
275 creatures vanquished.

Vanquished Creatures (others)
  An iguana zombie (D:8)
  3 jackal zombies (D:8)
  An ogre zombie (D:8)
  3 orc zombies (D:8)
8 creatures vanquished.

Grand Total: 283 creatures vanquished

Notes
Turn   | Place    | Note
-------+----------+-------------------------------------------
     0 | D:1      | roke1 the Formicid Fighter began the quest for the Orb.
     0 | D:1      | Reached XP level 1. HP: 18/18 MP: 1/1
   149 | D:1      | Reached XP level 2. HP: 24/24 MP: 2/2
   382 | D:1      | Reached XP level 3. HP: 25/29 MP: 3/3
   833 | D:2      | Reached XP level 4. HP: 29/37 MP: 4/4
  1249 | D:2      | Reached XP level 5. HP: 42/42 MP: 5/5
  1301 | D:2      | Noticed Sigmund
  1319 | D:2      | Killed Sigmund
  1320 | D:2      | Reached skill level 5 in Shields
  1320 | D:2      | Reached XP level 6. HP: 35/48 MP: 6/6
  2003 | D:3      | Noticed Robin
  2025 | D:3      | Killed Robin
  2946 | D:3      | Found an ornate altar of the Wu Jian Council.
  3102 | D:4      | Reached XP level 7. HP: 51/55 MP: 7/7
  3151 | D:4      | Found a staircase to the Ecumenical Temple.
  3157 | D:4      | Noticed Eustachio
  3169 | Temple   | Entered the Ecumenical Temple
  3419 | Temple   | Became a worshipper of Yredelemnul the Dark
  3460 | D:4      | Killed Eustachio
  3461 | D:4      | Reached skill level 1 in Invocations
  4244 | D:5      | Entered Level 5 of the Dungeon
  4264 | D:5      | Found a snail-covered altar of Cheibriados.
  4279 | D:5      | Reached skill level 5 in Axes
  4341 | D:5      | Reached XP level 8. HP: 61/61 MP: 9/9
  4451 | D:5      | Found a sand-covered staircase.
  4458 | Ossuary  | Entered an ossuary
  4590 | Ossuary  | Reached * piety under Yredelemnul
  4635 | Ossuary  | Reached skill level 5 in Fighting
  4651 | Ossuary  | Reached skill level 5 in Armour
  4976 | D:5      | Found a broken altar of Ashenzari.
  4982 | D:5      | Reached ** piety under Yredelemnul
  5059 | D:5      | Found an opulent altar of Gozag.
  5237 | D:5      | Found a sacrificial altar of Ru.
  5614 | D:5      | Found a stormy altar of Qazlal.
  5642 | D:5      | Reached XP level 9. HP: 68/68 MP: 11/11
  7555 | D:7      | Identified a scroll of acquirement
  7555 | D:7      | Acquired the amulet "Fafiz" {rC+ rN+ Regen+ Dex+3}
  7784 | D:7      | Reached *** piety under Yredelemnul
  7852 | D:7      | Reached skill level 5 in Invocations
  7859 | D:7      | Reached XP level 10. HP: 77/77 MP: 13/13
  8012 | D:7      | Received a gift from Yredelemnul (a mummy)
  8399 | D:8      | Noticed a two-headed ogre
  8419 | D:8      | Killed a two-headed ogre
  8568 | D:8      | Received a gift from Yredelemnul (a mummy)
  8604 | D:8      | Reached skill level 1 in Dodging
  8673 | D:8      | Reached **** piety under Yredelemnul
  8684 | D:8      | Found an iron altar of Okawaru.
  9028 | D:8      | Found an iron altar of Okawaru.
  9094 | D:8      | Found a burning altar of Makhleb.
  9095 | D:8      | Noticed a green death
  9260 | D:9      | Found a bloodstained altar of Trog.
  9350 | D:9      | Noticed a death yak
  9350 | D:9      | Noticed a death yak
  9402 | D:8      | Slain by a death yak

Illustrated notes

Levels and vault maps discovered:
D:1:      shiori_arrival_maze, layout_loops_ring
D:2:      layout_basic, minmay_ruptured, uniq_sigmund
D:3:      layout_basic, marbit_many_paths, uniq_robin
D:4:      layout_gridville, minmay_temple_entry_butterflies, uniq_eustachio
D:5:      layout_cave_pools, nicolae_qazlal_eye_of_the_storm,
          old_standard_altar, nicolae_ru_path_of_blood,
          lightli_sewer_entry_pipes, basic_altar, nicolae_ossuary_entry_giza,
          st_stairs_11, cheibrodos_ashenzari_chains
D:6:      layout_basic, kennysheep_cluttered_room
D:7:      layout_basic
D:8:      nzn_winding_woodlands_medium [nzn_winding_woodlands_hourglass,
          nzn_winding_woodlands_5x15_parted, nzn_winding_woodlands_5x5_three,
          nzn_winding_woodlands_5x5_perimeter,
          nzn_winding_woodlands_center_diamonds,
          nzn_winding_woodlands_5x5_default,
          nzn_winding_woodlands_5x5_open_star, nzn_winding_woodlands_5x15_eye,
          nzn_winding_woodlands_5x5_checkerboard], layout_rooms,
          okawaru_altar_gauntlet_db, basic_altar, makhleb_altar_promises_db
D:9:      kennysheep_windowed_halls, layout_small_grid, kennysheep_mini,
          overflow_temple_1_default, dpeg_lair_monsters
Temple:   eino_temple_water

Skill      XL: |  1  2  3  4  5  6  7  8  9 10 |
---------------+-------------------------------+-----
Shields        | 4 5 6 7 9 |  9.0
Axes           | 3 4 5 6 7 9 |  9.5
Fighting       | 4 5 6 7 |  7.8
Armour         | 4 5 6 |  6.2
Invocations    | 1 3 5 6 |  6.8
Dodging        | 1 |  1.6

Action                   |  1- 3 |  4- 6 |  7- 9 | 10-12 || total
-------------------------+-------+-------+-------+-------++-------
Melee: War axe           |    83 |   134 |   444 |   219 ||   880
Invok: Injury Mirror     |       |       |     1 |       ||     1
       Animate Dead      |       |       |       |     3 ||     3
 Abil: Dig               |       |     1 |     1 |       ||     2
  Use: Scroll            |       |     2 |    12 |       ||    14
Armor: Scale mail        |    45 |    35 |    66 |       ||   146
       Plate armour      |       |       |    38 |    57 ||    95
       Chain mail        |       |       |     8 |       ||     8
Dodge: Dodged            |    32 |    39 |    79 |    38 ||   188
Block: Kite shield       |    43 |    81 |   320 |   105 ||   549
       Reflection        |       |     2 |     6 |       ||     8
